 Dungeon Crawl Stone Soup version 0.30.1 (webtiles) character file.

Game seed: 16640607303957667276

6651 GimliDwarf the Covert (level 11, -5/85 HPs)
             Began as a Gnoll Wanderer on July 13, 2023.
             Was a Priest of Dithmenos.
             Blown up by a lich (17 damage)
             ... with a wavering orb of destruction
             ... on level 2 of the Abyss.
             The game lasted 00:39:05 (9165 turns).

GimliDwarf the Covert (Gnoll Wanderer)              Turns: 9165, Time: 00:39:05

Health: -5/85      AC: 15    Str: 16    XL:     11   Next: 3%
Magic:  10/10      EV: 14    Int: 10    God:    Dithmenos [***...]
Gold:   321        SH:  6    Dex: 17    Spells: 20/23 levels left

rFire   . . .        v - +2 dagger "Kuampo Elo" {antimagic, rPois}
rCold   . . .        d - +0 buckler
rNeg    . . .        C - +2 leather armour of Ethics {MP+9 Str+4}
rPois   +            g - +0 helmet
rElec   .            b - +2 cloak {Stlth+}
rCorr   .            (no gloves)
SInv    .            i - +0 pair of boots
Will    .....        y - amulet of regeneration
Stlth   +++++++      j - +4 ring of protection
HPRegen 1.14/turn    (no ring)
MPRegen 0.12/turn

%: no passive effects
@: wreathed by umbra, studying Polearms
A: fangs 1, strong nose, distributed training
a: Renounce Religion, Shadow Step


You were on level 2 of the Abyss.
You worshipped Dithmenos.
Dithmenos was most pleased with you.
You visited 2 branches of the dungeon, and saw 10 of its levels.
You visited the Abyss 1 time.

You collected 503 gold pieces.
You spent 182 gold pieces at shops.

Inventory:

Hand Weapons
 p - a +4 sling of flaming
 t - a +2 short sword of freezing
 v - the +2 dagger "Kuampo Elo" (weapon) {antimagic, rPois}
   (You found it on level 4 of the Dungeon)

   rPois:     It protects you from poison.
 x - a +7 vampiric quick blade
 B - a +2 shortbow of draining
 E - a +2 heavy shortbow
 I - a +3 dagger of chaos
Missiles
 r - 2 datura-tipped darts
 D - a curare-tipped dart
Armour
 b - a +2 cloak of stealth (worn)
 d - a +0 buckler (worn)
 g - a +0 helmet (worn)
 i - a +0 pair of boots (worn)
 C - the +2 leather armour of Ethics (worn) {MP+9 Str+4}
   (You bought it in a shop on level 8 of the Dungeon)

   Str:       It affects your strength (+4).
   MP:        It affects your magic capacity (+9).
Jewellery
 j - a +4 ring of protection (left hand)
 l - an amulet of reflection
 y - an amulet of regeneration (around neck)
Wands
 a - a wand of flame (11)
 o - a wand of light (1)
 A - a wand of polymorph (10)
 G - a wand of iceblast (9)
Scrolls
 c - 4 scrolls of teleportation
 e - 4 scrolls of blinking
 h - 2 scrolls of identify
 s - 4 scrolls of amnesia
 w - 2 scrolls of poison
 H - a scroll of fog {unknown}
 J - a scroll of summoning {unknown}
Potions
 f - 3 potions of flight
 k - 3 potions of haste
 m - 2 potions of mutation
 n - a potion of resistance
 q - 3 potions of lignification
 u - 3 potions of cancellation
 z - 3 potions of curing
 F - a potion of invisibility


   Skills:
 + Level 7.7 Fighting
 + Level 6.0 Short Blades
 + Level 6.0 Long Blades
 + Level 6.0 Axes
 + Level 6.0 Maces & Flails
 + Level 6.4 Polearms
 + Level 6.0 Staves
 + Level 6.0 Ranged Weapons
 + Level 6.0 Throwing
 + Level 6.0 Armour
 + Level 6.0 Dodging
 + Level 9.9 Stealth
 + Level 7.7 Shields
 + Level 6.6 Unarmed Combat
 + Level 6.7 Spellcasting
 + Level 5.0 Conjurations
 + Level 5.0 Hexes
 + Level 5.0 Summonings
 + Level 5.0 Necromancy
 + Level 5.0 Translocations
 + Level 5.0 Transmutations
 + Level 5.0 Fire Magic
 + Level 5.0 Ice Magic
 + Level 5.0 Air Magic
 + Level 5.0 Earth Magic
 + Level 5.0 Poison Magic
 + Level 6.6 Invocations
 + Level 6.0 Evocations


You had 20 spell levels left.
You knew the following spells:

 Your Spells              Type           Power      Damage    Failure   Level
a - Inner Flame           Hex/Fire       13%        N/A       11%         3

Your spell library contained the following spells:

 Spells                   Type           Power      Damage    Failure   Level
 Foxfire                  Conj/Fire      52%        2x1d6     3%          1
 Magic Dart               Conj           52%        1d5       3%          1
 Searing Ray              Conj           26%        2d5       5%          2
 Confusing Touch          Hex            13%        N/A       11%         3
 Flame Wave               Conj/Fire      13%        2d6       34%         4
 Fulminant Prism          Conj/Hex       6%         3d7       34%         4
 Sticky Flame             Conj/Fire      13%        2d4       34%         4
 Summon Ice Beast         Ice/Summ       13%        N/A       34%         4
 Fireball                 Conj/Fire      6%         3d5       69%         5
 Plasma Beam              Fire/Air       6%         2x1d18    99%         6
 Starburst                Conj/Fire      6%         6d4       99%         6


Dungeon Overview and Level Annotations

Branches:
Dungeon (9/15)             Temple (1/1) D:5
   Lair: D:8-11         Orc: D:9-12

Altars:
Ashenzari
Cheibriados
Dithmenos
Elyvilon
Fedhas
Gozag
Hepliaklqana
Kikubaaqudgha
Makhleb
Nemelex Xobeh
Okawaru
Qazlal
Ru
Sif Muna
Trog
Uskayaw
Vehumet
Wu Jian
Xom
Yredelemnul
The Shining One

Shops:
D:8 [

Portals:
Abyss: D:4

Annotations:
D:4 2 transporters, safid's ghost, amateur MfIE
D:9 Joseph


Innate Abilities, Weirdness & Mutations

You have very sharp teeth.
Your uncanny sense of smell can sniff out nearby items.
Your experience applies equally to all skills.


Message History

You shoot a sling bullet. The sling bullet hits the ynoxinul.
The sling bullet burns the ynoxinul.
The ynoxinul is almost dead.
The ynoxinul gestures.
Aiming: Bolt of Light
Press: ? - help, Shift-Dir - straight line, f/p - ynoxinul
Aim: a ynoxinul (almost dead, umbra, 74% to hit)
The bolt of light hits the ynoxinul!!
You kill the ynoxinul!
Dithmenos accepts your kill.
The ufetubus disappears in a puff of smoke! x3
The bolt of light hits the lich!!
The lich is moderately damaged.
The lich is blinded.
You shoot a sling bullet. The sling bullet hits the lich.
The sling bullet burns the lich.
The lich is moderately damaged.
The lich misses you.
Your +4 sling of flaming stops flaming.
You feel magic leave you.
v - the +2 dagger "Kuampo Elo" (weapon)
{antimagic, rPois} The lich conjures a glowing orb.
The wavering orb of destruction weakly hits you!!
You closely miss the lich.
The lich is moderately damaged.
The lich is no longer blind.
You hit the lich but do no damage.
The lich is moderately damaged.
The lich launches a ball of destructive magic.
You block the orb of destruction.
You hit the lich but do no damage.
The lich is moderately damaged.
A small abomination comes into view.
The lich conjures an orb of pure magic.
The wavering orb of destruction weakly hits you!!
* * * LOW HITPOINT WARNING * * *
You hit the lich but do no damage.
The lich is moderately damaged.
The lich conjures an orb of pure magic.
The wavering orb of destruction weakly hits you!
You die...

∆ ∆ # .
#.##### ##
. #.xL@.#
..L.
+#.##.# ...
. #_ .#
#### # ...
# #...
.~...#
#..## ~ ~ #
#..~##.##.#
#..#### . #
##.# # ##
.#


You could see a lich and a small abomination.

Vanquished Creatures
  Amaemon (D:8)
  Maurice (D:8)
  An orange demon (D:8)
  Psyche (D:9)
  A kobold demonologist (D:9)
  A troll (D:9)
  Prince Ribbit (D:8)
  A ynoxinul (Abyss:2)
  3 wyverns
  Eustachio (D:5)
  A water moccasin (D:7)
  Duvessa (D:4)
  5 orc warriors
  2 black bears (D:8)
  3 ice beasts
  4 centaurs
  A kobold brigand (D:7)
  A gnoll sergeant (D:7)
  6 bullfrogs
  4 scorpions
  2 wights
  Dowan (D:4)
  6 killer bees
  7 howler monkeys
  A hound (D:6)
  A jelly (D:4)
  4 orc priests
  3 gnoll boudas
  A sleepcap (D:6)
  Terence (D:2)
  An iguana (D:5)
  8 orc wizards
  Robin (D:4)
  6 adders
  18 gnolls
  3 shadow imps (D:6)
  A white imp (D:7)
  A worm (D:5)
  6 dart slugs
  24 orcs
  3 bats
  2 endoplasms
  A giant cockroach (D:2)
  15 goblins
  8 hobgoblins
  29 kobolds
  3 quokkas
  A ball python (D:3)
  3 frilled lizards
  4 rats
205 creatures vanquished.

Vanquished Creatures (others)
  2 orc wizards
2 creatures vanquished.

Grand Total: 207 creatures vanquished

Notes
Turn   | Place    | Note
-------+----------+-------------------------------------------
     0 | D:1      | GimliDwarf the Gnoll Wanderer began the quest for the Orb.
     0 | D:1      | GimliDwarf set off with the following items: a +2 dagger, a
                  | potion of berserk rage, a scroll of teleportation, a +0
                  | buckler, a scroll of blinking, a +0 robe.
     0 | D:1      | Reached XP level 1. HP: 20/20 MP: 4/4
   155 | D:1      | Reached XP level 2. HP: 26/26 MP: 5/5
   869 | D:2      | Reached XP level 3. HP: 31/31 MP: 7/7
   875 | D:2      | Reached skill level 1 in Invocations
  1056 | D:2      | Noticed Terence
  1068 | D:2      | Killed Terence
  1069 | D:2      | Reached skill level 1 in Short Blades
  1069 | D:2      | Reached skill level 1 in Long Blades
  1069 | D:2      | Reached skill level 1 in Axes
  1069 | D:2      | Reached skill level 1 in Maces & Flails
  1069 | D:2      | Reached skill level 1 in Polearms
  1069 | D:2      | Reached skill level 1 in Staves
  1069 | D:2      | Reached skill level 1 in Ranged Weapons
  1069 | D:2      | Reached skill level 1 in Throwing
  1069 | D:2      | Reached skill level 1 in Armour
  1069 | D:2      | Reached skill level 1 in Dodging
  1069 | D:2      | Reached skill level 1 in Evocations
  1069 | D:2      | Reached XP level 4. HP: 37/38 MP: 8/8
  1563 | D:3      | Reached skill level 1 in Conjurations
  1563 | D:3      | Reached skill level 1 in Hexes
  1563 | D:3      | Reached skill level 1 in Summonings
  1563 | D:3      | Reached skill level 1 in Necromancy
  1563 | D:3      | Reached skill level 1 in Translocations
  1563 | D:3      | Reached skill level 1 in Transmutations
  1563 | D:3      | Reached skill level 1 in Fire Magic
  1563 | D:3      | Reached skill level 1 in Ice Magic
  1563 | D:3      | Reached skill level 1 in Air Magic
  1563 | D:3      | Reached skill level 1 in Earth Magic
  1563 | D:3      | Reached skill level 1 in Poison Magic
  2271 | D:3      | Found a glowing golden altar of the Shining One.
  2431 | D:4      | Found a transporter.
  2452 | D:4      | Identified the +2 dagger "Kuampo Elo" {antimagic, rPois}
  2508 | D:4      | Found a one-way gate to the infinite horrors of the Abyss.
  2508 | D:4      | Noticed safid's ghost (amateur MfIE)
  2514 | D:4      | Noticed a kobold brigand
  2527 | D:4      | Found a transporter.
  2636 | D:4      | Noticed Dowan
  2676 | D:4      | Killed Dowan
  2677 | D:4      | Reached XP level 5. HP: 29/43 MP: 3/9
  2843 | D:4      | Noticed Robin
  2893 | D:4      | Killed Robin
  2926 | D:4      | Noticed Duvessa
  2934 | D:4      | Killed Duvessa
  2935 | D:4      | Reached skill level 5 in Fighting
  2935 | D:4      | Reached skill level 8 in Stealth
  2935 | D:4      | Reached skill level 5 in Shields
  2935 | D:4      | Reached XP level 6. HP: 33/51 MP: 9/11
  3419 | D:5      | Entered Level 5 of the Dungeon
  3419 | D:5      | Found a staircase to the Ecumenical Temple.
  3685 | Temple   | Entered the Ecumenical Temple
  3685 | Temple   | Found a transporter.
  3685 | Temple   | Found a transporter.
  3687 | Temple   | Found a transporter.
  3687 | Temple   | Found a transporter.
  3727 | Temple   | Became a worshipper of Dithmenos the Shadowed
  3802 | D:5      | Reached XP level 7. HP: 56/56 MP: 12/12
  3929 | D:5      | Found an ancient bone altar of Kikubaaqudgha.
  4078 | D:5      | Noticed Eustachio
  4108 | D:5      | Killed Eustachio
  4281 | D:5      | Found a stormy altar of Qazlal.
  4463 | D:5      | Found a blossoming altar of Fedhas.
  4463 | D:5      | Found a shimmering altar of Xom.
  4464 | D:5      | Found a sparkling altar of Nemelex Xobeh.
  4751 | D:6      | Identified a scroll of acquirement
  4751 | D:6      | Acquired a +7 vampiric quick blade
  4835 | D:6      | Reached XP level 8. HP: 40/63 MP: 14/14
  5132 | D:6      | Reached * piety under Dithmenos
  5337 | D:6      | Found an iron altar of Okawaru.
  5503 | D:6      | Learned a level 3 spell: Inner Flame
  6091 | D:7      | Reached XP level 9. HP: 67/69 MP: 5/16
  6221 | D:7      | Reached skill level 5 in Spellcasting
  6283 | D:7      | Reached ** piety under Dithmenos
  6536 | D:7      | Reached skill level 5 in Unarmed Combat
  6642 | D:7      | Reached skill level 9 in Stealth
  6899 | D:7      | Reached skill level 5 in Invocations
  7495 | D:8      | Noticed Maurice
  7502 | D:8      | Killed Maurice
  7508 | D:8      | Reached skill level 5 in Short Blades
  7508 | D:8      | Reached skill level 5 in Long Blades
  7508 | D:8      | Reached skill level 5 in Axes
  7508 | D:8      | Reached skill level 5 in Maces & Flails
  7508 | D:8      | Reached skill level 5 in Polearms
  7508 | D:8      | Reached skill level 5 in Staves
  7508 | D:8      | Reached skill level 5 in Ranged Weapons
  7508 | D:8      | Reached skill level 5 in Throwing
  7508 | D:8      | Reached skill level 5 in Armour
  7508 | D:8      | Reached skill level 5 in Dodging
  7508 | D:8      | Reached skill level 5 in Evocations
  7508 | D:8      | Reached XP level 10. HP: 75/77 MP: 18/18
  7565 | D:8      | Found a transporter.
  7567 | D:8      | Found Dekirgh's Antique Armour Boutique.
  7569 | D:8      | Found a transporter.
  7574 | D:8      | Bought an obsidian-encrusted leather armour for 182 gold
                  | pieces
  7574 | D:8      | Identified the +2 leather armour of Ethics {MP+9 Str+4}
                  | (You bought it in a shop on level 8 of the Dungeon)
  7766 | D:8      | Noticed Amaemon
  7771 | D:8      | Noticed an orange demon
  7841 | D:8      | Noticed Prince Ribbit
  7871 | D:8      | Killed Prince Ribbit
  7949 | D:8      | Found a bloodstained altar of Trog.
  8113 | D:8      | Killed an orange demon
  8260 | D:8      | Killed Amaemon
  8406 | D:8      | Found an opulent altar of Gozag.
  8408 | D:8      | Found an ornate altar of the Wu Jian Council.
  8627 | D:9      | Noticed a wizard
  8634 | D:9      | Noticed Joseph
  8722 | D:9      | Noticed Psyche
  8764 | D:9      | Reached *** piety under Dithmenos
  8784 | D:9      | Killed Psyche
  8796 | D:9      | Noticed a kobold demonologist
  8798 | D:9      | Killed a kobold demonologist
  8939 | D:9      | Reached skill level 5 in Conjurations
  8939 | D:9      | Reached skill level 5 in Hexes
  8939 | D:9      | Reached skill level 5 in Summonings
  8939 | D:9      | Reached skill level 5 in Necromancy
  8939 | D:9      | Reached skill level 5 in Translocations
  8939 | D:9      | Reached skill level 5 in Transmutations
  8939 | D:9      | Reached skill level 5 in Fire Magic
  8939 | D:9      | Reached skill level 5 in Ice Magic
  8939 | D:9      | Reached skill level 5 in Air Magic
  8939 | D:9      | Reached skill level 5 in Earth Magic
  8939 | D:9      | Reached skill level 5 in Poison Magic
  8939 | D:9      | Reached XP level 11. HP: 57/85 MP: 21/21
  8975 | D:9      | Got the Secrets of the Massed Wyrd
  9038 | Abyss:2  | Found a corrupted altar of Lugonu.
  9038 | Abyss:2  | Cast into level 2 of the Abyss (a wizard)
  9144 | Abyss:2  | Noticed a lich
  9151 | Abyss:2  | Found a corrupted altar of Lugonu.
  9165 | Abyss:2  | Blown up by a lich

Illustrated notes

Levels and vault maps discovered:
D:1:      psy_arrival_radial02, layout_loops_cross
D:2:      layout_rooms, minmay_fractal_squares_5, uniq_terence
D:3:      layout_basic, mainiacjoe_overflow_boulevard, guppyfry_early_orc_mine
D:4:      layout_gridville, gammafunk_ghost_abyssal_escape, chequers_arboretum,
          uniq_robin, uniq_duvessa
D:5:      layout_loops_ring, nicolae_kikubaaqudgha_miasma_corner,
          nicolae_qazlal_general_emergency, gammafunk_temple_overflow_claw,
          minmay_temple_entry_crystal_x, corexii_hall_statues_l,
          hangedman_abyss_or_decor_slice, st_stairs_5, uniq_eustachio
D:6:      layout_rooms, okawaru_metal_pillars_3
D:7:      kennysheep_kobold_camp, layout_basic, hangedman_decor_slide_cut,
          minmay_puff
D:8:      layout_basic, lemuel_doored_altar, mainiacjoe_overflow_big_doors,
          serial_shops, nicolae_shop_drivethru, minmay_manual_maat,
          uniq_amaemon, uniq_maurice, uniq_prince_ribbit1
D:9:      layout_loops_ring, mainiacjoe_overflow_alcove_2, uniq_psyche,
          uniq_joseph
Temple:   hellmonk_temple_divided_pantheon
Abyss:2:  base: Temple, hangedman_cross_veins, evilmike_abyss_exit_17

Skill      XL: |  1  2  3  4  5  6  7  8  9 10 |
---------------+-------------------------------+-----
Invocations    | 1 2 3 4 5 6 |  6.6
Short Blades   | 1 2 3 4 5 6 |  6.0
Long Blades    | 1 2 3 4 5 6 |  6.0
Axes           | 1 2 3 4 5 6 |  6.0
Maces & Flails | 1 2 3 4 5 6 |  6.0
Polearms       | 1 2 3 4 5 6 |  6.4
Staves         | 1 2 3 4 5 6 |  6.0
Ranged Weapons | 1 2 3 4 5 6 |  6.0
Throwing       | 1 2 3 4 5 6 |  6.0
Armour         | 1 2 3 4 5 6 |  6.0
Dodging        | 1 2 3 4 5 6 |  6.0
Spellcasting   | 3 4 5 6 |  6.7
Evocations     | 1 2 3 4 5 6 |  6.0
Conjurations   | 1 2 3 4 5 |  5.0
Hexes          | 1 2 3 4 5 |  5.0
Summonings     | 1 2 3 4 5 |  5.0
Necromancy     | 1 2 3 4 5 |  5.0
Translocations | 1 2 3 4 5 |  5.0
Transmutations | 1 2 3 4 5 |  5.0
Fire Magic     | 1 2 3 4 5 |  5.0
Ice Magic      | 1 2 3 4 5 |  5.0
Air Magic      | 1 2 3 4 5 |  5.0
Earth Magic    | 1 2 3 4 5 |  5.0
Poison Magic   | 1 2 3 4 5 |  5.0
Unarmed Combat | 3 4 5 6 |  6.6
Fighting       | 5 6 7 |  7.7
Stealth        | 8 9 |  9.9
Shields        | 5 6 7 |  7.7

Action                     |  1- 3 |  4- 6 |  7- 9 | 10-12 || total
---------------------------+-------+-------+-------+-------++-------
  Melee: Dagger            |    55 |    79 |   231 |    14 ||   379
         Bite              |     5 |     7 |    40 |     8 ||    60
         Short sword       |       |    23 |    22 |       ||    45
         Quick blade       |       |       |   121 |    83 ||   204
         Sling             |       |       |       |     2 ||     2
   Fire: Sling             |    16 |    80 |   289 |   163 ||   548
 Invoke: Shadow Step       |       |       |       |     1 ||     1
  Evoke: Wand              |       |       |     3 |     9 ||    12
    Use: Scroll            |       |    11 |     9 |     4 ||    24
         Potion            |       |     2 |       |       ||     2
   Stab: Sleeping          |     4 |     1 |       |     1 ||     6
         Invisible         |       |       |       |     2 ||     2
 Armour: Robe              |    14 |    54 |   141 |     2 ||   211
         Leather armour    |       |       |       |    49 ||    49
  Dodge: Dodged            |    19 |    57 |   288 |   106 ||   470
  Block: Buckler           |    22 |    58 |   154 |    42 ||   276
         Reflection        |     2 |     7 |     5 |       ||    14
